3022 views
Uploaded 2020-03-15 22:46:50
Game version 1.32.2
6:14 long 3on3 ladder game on (6)BloodstoneMesa_LV
Saved by BEARAND
3022 views
Uploaded 2020-03-15 22:46:50
Game version 1.32.2
6:14 long 3on3 ladder game on (6)BloodstoneMesa_LV


39 units @ 2.7k
/ 0k
47 buildings @ 4.2k
/ 1.6k


| Wisp | 13 | 780 | / | 0 |
| total: | 13 | 780g | / | 0w |
| Altar of Elders | 1 | 180 | / | 50 |
| Moon Well | 5 | 900 | / | 200 |
| Tree of Ages | 1 | 320 | / | 180 |
| total: | 6 | 1080g | / | 250w |
| 0:04 | Wisp |
| 0:16 | Wisp |
| 0:20 | Altar of Elders |
| 0:21 | Wisp |
| 0:34 | Moon Well |
| 0:35 | Wisp |
| 0:47 | Wisp |
| 0:48 | Wisp |
| 0:55 | Wisp |
| 1:13 | Wisp |
| 1:24 | Wisp |
| 1:51 | Wisp |
| 2:00 | Moon Well |
| 2:10 | Wisp |
| 2:16 | Moon Well |
| 2:18 | Wisp |
| 2:31 | Entangling Roots |
| 2:35 | Moon Well |
| 3:02 | Wisp |
| 3:36 | Tree of Ages |
| 5:19 | Moon Well |
| 6:07 | Black Arrow |
| Assign group | 421 |
| Right click | 281 |
| Select group | 109 |
| Select | 44 |
| Resource trade | 35 |
| Build/train/purchase | 19 |
| Chat | 12 |
| Use ability | 5 |

| Staff of Teleportation | 1 | 150 |
| Boots of Speed | 1 | 250 |
| total: | 2 | 400g |
| Peasant | 12 | 900 | / | 0 |
| total: | 12 | 900g | / | 0w |
| Scout Tower | 21 | 630 | / | 420 |
| Arcane Tower | 3 | 210 | / | 150 |
| Guard Tower | 19 | 1330 | / | 950 |
| Altar of Kings | 1 | 180 | / | 50 |
| Farm | 4 | 320 | / | 80 |
| Lumber Mill | 1 | 120 | / | 0 |
| Arcane Vault | 1 | 130 | / | 30 |
| Keep | 1 | 320 | / | 210 |
| total: | 28 | 1380g | / | 580w |
| 0:03 | Peasant |
| 0:03 | Peasant |
| 0:14 | Altar of Kings |
| 0:19 | Farm |
| 0:21 | Peasant |
| 0:34 | Peasant |
| 0:48 | Lumber Mill |
| 0:53 | Scout Tower |
| 1:00 | Peasant |
| 1:01 | Peasant |
| 1:21 | Farm |
| 1:23 | Peasant |
| 1:32 | Scout Tower |
| 1:34 | Peasant |
| 1:42 | Arcane Tower |
| 1:51 | Peasant |
| 1:58 | Scout Tower |
| 2:13 | Blizzard |
| 2:30 | Guard Tower |
| 2:33 | Peasant |
| 2:34 | Peasant |
| 2:34 | Peasant |
| 2:57 | Guard Tower |
| 2:59 | Scout Tower |
| 3:00 | Scout Tower |
| 3:10 | Scout Tower |
| 3:11 | Scout Tower |
| 3:11 | Scout Tower |
| 3:11 | Scout Tower |
| 3:23 | Keep |
| 3:25 | Improved Masonry |
| 3:26 | Guard Tower |
| 3:39 | Arcane Tower |
| 3:40 | Staff of Teleportation |
| 3:41 | Boots of Speed |
| 3:48 | Farm |
| 3:49 | Farm |
| 4:07 | Guard Tower |
| 4:08 | Scout Tower |
| 4:09 | Scout Tower |
| 4:09 | Scout Tower |
| 4:09 | Scout Tower |
| 4:28 | Guard Tower |
| 4:29 | Scout Tower |
| 4:30 | Guard Tower |
| 4:45 | Arcane Vault |
| 4:59 | Guard Tower |
| 5:00 | Guard Tower |
| 5:01 | Guard Tower |
| 5:04 | Scout Tower |
| 5:05 | Scout Tower |
| 5:05 | Scout Tower |
| 5:54 | Brilliance Aura |
| 6:01 | Guard Tower |
| 6:02 | Scout Tower |
| 6:02 | Scout Tower |
| 6:03 | Scout Tower |
| 6:03 | Scout Tower |
| Right click | 494 |
| Select | 115 |
| Chat | 88 |
| Build/train/purchase | 57 |
| Select group | 52 |
| Misc. action | 23 |
| Assign group | 5 |
| Use ability | 4 |
| Minimap ping | 2 |

| Healing Salve | 1 | 100 |
| Lesser Clarity Potion | 2 | 140 |
| Staff of Teleportation | 1 | 150 |
| Boots of Speed | 1 | 250 |
| total: | 5 | 640g |
| Peon | 14 | 1050 | / | 0 |
| total: | 14 | 1050g | / | 0w |
| Watch Tower | 8 | 880 | / | 640 |
| Altar of Storms | 1 | 180 | / | 50 |
| Orc Burrow | 2 | 320 | / | 80 |
| War Mill | 1 | 205 | / | 0 |
| Voodoo Lounge | 1 | 130 | / | 30 |
| Stronghold | 1 | 315 | / | 190 |
| total: | 13 | 1715g | / | 800w |
| 0:05 | Peon |
| 0:05 | Peon |
| 0:09 | Altar of Storms |
| 0:13 | Orc Burrow |
| 0:15 | Peon |
| 0:15 | Peon |
| 0:30 | Peon |
| 0:51 | War Mill |
| 0:53 | Peon |
| 1:12 | Voodoo Lounge |
| 1:28 | Peon |
| 1:30 | Peon |
| 1:38 | Orc Burrow |
| 1:46 | Peon |
| 2:14 | Wind Walk |
| 2:18 | Watch Tower |
| 2:24 | Peon |
| 2:24 | Peon |
| 2:25 | Peon |
| 2:32 | Watch Tower |
| 3:12 | Peon |
| 3:12 | Peon |
| 3:36 | Watch Tower |
| 3:39 | Watch Tower |
| 3:43 | Stronghold |
| 3:50 | Staff of Teleportation |
| 3:56 | Boots of Speed |
| 4:04 | Healing Salve |
| 4:04 | Lesser Clarity Potion |
| 4:16 | Watch Tower |
| 5:16 | Watch Tower |
| 5:18 | Watch Tower |
| 5:19 | Spiked Barricades |
| 5:40 | Watch Tower |
| 5:44 | Lesser Clarity Potion |
| Right click | 272 |
| Chat | 73 |
| Select group | 58 |
| Select | 44 |
| Build/train/purchase | 32 |
| Minimap ping | 13 |
| Use ability | 5 |
| Assign group | 3 |
| Misc. action | 3 |
| Item give/drop | 1 |
51 units @ 5.2k
/ 0.1k
32 buildings @ 3.4k
/ 1k

| Peasant | 10 | 750 | / | 0 |
| Footman | 9 | 1215 | / | 0 |
| total: | 19 | 1965g | / | 0w |
| Scout Tower | 3 | 90 | / | 60 |
| Arcane Tower | 2 | 140 | / | 100 |
| Barracks | 1 | 160 | / | 60 |
| Farm | 5 | 400 | / | 100 |
| Altar of Kings | 1 | 180 | / | 50 |
| Arcane Vault | 1 | 130 | / | 30 |
| Lumber Mill | 1 | 120 | / | 0 |
| Blacksmith | 1 | 140 | / | 60 |
| total: | 13 | 1220g | / | 360w |
| 0:03 | Peasant |
| 0:03 | Peasant |
| 0:03 | Peasant |
| 0:24 | Barracks |
| 0:36 | Farm |
| 0:37 | Farm |
| 0:52 | Altar of Kings |
| 1:20 | Peasant |
| 1:21 | Peasant |
| 1:21 | Peasant |
| 1:24 | Peasant |
| 1:24 | Peasant |
| 1:29 | Footman |
| 1:49 | Farm |
| 1:51 | Footman |
| 2:10 | Arcane Vault |
| 2:13 | Footman |
| 2:31 | Footman |
| 2:44 | Defend |
| 2:55 | Holy Light |
| 2:58 | Footman |
| 3:02 | Farm |
| 3:06 | Lumber Mill |
| 3:18 | Footman |
| 3:26 | Blacksmith |
| 3:41 | Farm |
| 3:48 | Peasant |
| 3:48 | Peasant |
| 4:19 | Footman |
| 4:29 | Scout Tower |
| 4:33 | Scout Tower |
| 4:38 | Scout Tower |
| 4:45 | Footman |
| 5:09 | Footman |
| 5:10 | Arcane Tower |
| 5:12 | Arcane Tower |
| 5:15 | Devotion Aura |
| Right click | 113 |
| Select group | 94 |
| Select | 81 |
| Build/train/purchase | 53 |
| Assign group | 9 |
| Chat | 8 |
| Misc. action | 6 |
| Use ability | 4 |
| Esc | 1 |
| Minimap ping | 1 |

| Peasant | 9 | 675 | / | 0 |
| Footman | 5 | 675 | / | 0 |
| Rifleman | 4 | 820 | / | 120 |
| total: | 18 | 2170g | / | 120w |
| Scout Tower | 1 | 30 | / | 20 |
| Arcane Tower | 1 | 70 | / | 50 |
| Altar of Kings | 1 | 180 | / | 50 |
| Barracks | 1 | 160 | / | 60 |
| Farm | 8 | 640 | / | 160 |
| Blacksmith | 1 | 140 | / | 60 |
| Lumber Mill | 1 | 120 | / | 0 |
| Keep | 1 | 320 | / | 210 |
| total: | 13 | 1270g | / | 350w |
| 0:04 | Peasant |
| 0:04 | Peasant |
| 0:04 | Peasant |
| 0:05 | Peasant |
| 0:05 | Peasant |
| 0:24 | Altar of Kings |
| 0:26 | Peasant |
| 0:38 | Barracks |
| 0:41 | Peasant |
| 0:53 | Farm |
| 1:01 | Peasant |
| 1:09 | Farm |
| 1:13 | Farm |
| 1:20 | Peasant |
| 1:52 | Farm |
| 1:54 | Footman |
| 1:54 | Footman |
| 1:55 | Footman |
| 1:55 | Footman |
| 2:18 | Blacksmith |
| 2:32 | Farm |
| 2:41 | Footman |
| 3:06 | Holy Light |
| 3:23 | Rifleman |
| 3:27 | Keep |
| 3:39 | Lumber Mill |
| 3:45 | Farm |
| 4:04 | Rifleman |
| 4:33 | Rifleman |
| 4:37 | Farm |
| 4:46 | Scout Tower |
| 5:13 | Rifleman |
| 5:16 | Arcane Tower |
| 5:23 | Farm |
| 5:53 | Long Rifles |
| Right click | 99 |
| Select | 56 |
| Build/train/purchase | 25 |
| Remove unit | 1 |

| Healing Salve | 2 | 200 |
| Lesser Clarity Potion | 3 | 210 |
| Circlet of Nobility | 1 | 175 |
| Boots of Speed | 1 | 250 |
| total: | 7 | 835g |
| Peon | 14 | 1050 | / | 0 |
| total: | 14 | 1050g | / | 0w |
| Watch Tower | 2 | 220 | / | 160 |
| Altar of Storms | 1 | 180 | / | 50 |
| Orc Burrow | 1 | 160 | / | 40 |
| Voodoo Lounge | 1 | 130 | / | 30 |
| War Mill | 1 | 205 | / | 0 |
| Stronghold | 4 | 1260 | / | 760 |
| total: | 6 | 895g | / | 280w |
| 0:04 | Altar of Storms |
| 0:06 | Peon |
| 0:23 | Orc Burrow |
| 0:26 | Peon |
| 0:45 | Peon |
| 1:08 | Voodoo Lounge |
| 1:18 | Peon |
| 1:30 | War Mill |
| 1:35 | Peon |
| 1:52 | Peon |
| 2:13 | Wind Walk |
| 2:17 | Healing Salve |
| 2:17 | Healing Salve |
| 2:18 | Lesser Clarity Potion |
| 2:18 | Lesser Clarity Potion |
| 2:28 | Peon |
| 2:35 | Circlet of Nobility |
| 2:44 | Stronghold |
| 2:44 | Stronghold |
| 3:34 | Lesser Clarity Potion |
| 3:47 | Watch Tower |
| 4:24 | Watch Tower |
| 4:34 | Boots of Speed |
| 5:11 | Peon |
| 5:12 | Peon |
| 5:12 | Peon |
| 5:12 | Peon |
| 5:12 | Peon |
| 5:12 | Peon |
| 5:13 | Peon |
| Right click | 233 |
| Select | 79 |
| Misc. action | 68 |
| Build/train/purchase | 43 |
| Select group | 33 |
| Assign group | 8 |
| Esc | 3 |
| Use ability | 1 |
| Item give/drop | 1 |
⇛